 Dungeon Crawl Stone Soup version 0.19-a0-1907-gcff654f (webtiles) character file.

172 JeffiDaFish the Chopper (level 5, -3/46 HPs)
             Began as a Hill Orc Fighter on Oct 22, 2016.
             Killed by nerve-wracking pain
             ... invoked by Grinder
              (6 damage)
             ... on level 3 of the Dungeon.
             The game lasted 00:05:58 (1881 turns).

JeffiDaFish the Chopper (Hill Orc Fighter)          Turns: 1881, Time: 00:05:58

Health: -3/46      AC:  7    Str: 19 (20) XL:     5   Next: 52%
Magic:  5/5        EV:  7    Int:  5 (8)  God:
Gold:   73         SH: 10    Dex: 11 (12) Spells: 0 memorised, 4 levels left

rFire  . . .     SeeInvis .     a - +0 war axe
rCold  . . .     Gourm    .     b - +0 scale mail
rNeg   . . .     Faith    .     c - +1 shield
rPois  .         Spirit   .     (no helmet)
rElec  .         Reflect  .     (no cloak)
rCorr  .         Harm     .     (no gloves)
MR     .....                    (no boots)
Stlth  ..........               (no amulet)
                                (no ring)
                                l - ring of flight

@: no status effects
A: agile 1, mutation resistance 1, screaming 1
a: Evoke Flight


You were on level 3 of the Dungeon.
You were not hungry.

You visited 1 branch of the dungeon, and saw 3 of its levels.

You collected 73 gold pieces.

Inventory:

Hand Weapons
 a - a +0 war axe (weapon)
Armour
 b - a +0 scale mail (worn)
 c - a +1 shield (worn)
 j - a +2 buckler
Jewellery
 l - a ring of flight (left hand)
Scrolls
 i - a scroll of remove curse
Potions
 d - 2 potions of might
 e - a potion of curing
 k - a potion of mutation
Comestibles
 f - 2 bread rations
 g - a meat ration
 h - 4 chunks of flesh


   Skills:
 + Level 4.3 Fighting
 + Level 5.0 Axes
 + Level 3.9 Armour
 + Level 0.8 Dodging
 + Level 0.1 Stealth
 + Level 4.2 Shields


You had 4 spell levels left.
You didn't know any spells.

Dungeon Overview and Level Annotations

Branches:
Dungeon (3/15)

Altars:
Hepliaklqana
Qazlal
Ru
Trog
Uskayaw

Annotations:
D:3 Grinder


Innate Abilities, Weirdness & Mutations

You are agile. (Dex +2)
You are somewhat resistant to further mutation.
You occasionally shout uncontrollably at your foes.


Message History

Your shield and scale mail prevent you from hitting Grinder.
Grinder is almost dead.
You block Grinder's attack. Grinder gestures at you.
Pain shoots through your body!
You hit Grinder but do no damage.
Grinder is almost dead.
Grinder hits you.
You writhe in agony.
* * * LOW HITPOINT WARNING * * *
You closely miss Grinder.
Grinder is almost dead.
Grinder says, "FISH!"
Grinder hits you.
* * * LOW HITPOINT WARNING * * *
You writhe in agony.
* * * LOW HITPOINT WARNING * * *
Grinder blinks!
Grinder gestures at you. Pain shoots through your body!
You die...

#.....###.#... ###.###
#.#.#. #)# #.....
#.#####.....
#.#.........
###...........
#.............
#########.#.#.........
#....@....5.#.........
#.#######.#>#.........
#.#.#.........
#.#.#.........
#.#.#.........
.............# ##.
######. . #. #.


You could see Grinder.

Vanquished Creatures
  An iguana (D:3)
  A gnoll (D:1)
  4 adders (D:3)
  2 oozes (D:2)
  3 worms
  2 leopard geckos
  4 orcs (D:3)
  2 ball pythons
  6 giant cockroaches
  11 goblins
  12 hobgoblins
  8 jackals (D:1)
  A quokka (D:3)
  3 bats (D:2)
  2 frilled lizards
  2 kobolds (D:1)
  11 rats
75 creatures vanquished.

Notes
Turn   | Place    | Note
-------+----------+-------------------------------------------
     0 | D:1      | JeffiDaFish the Hill Orc Fighter began the quest for the Orb.
     0 | D:1      | Reached XP level 1. HP: 19/19 MP: 1/1
    94 | D:1      | Reached XP level 2. HP: 25/27 MP: 2/2
   156 | D:1      | Reached skill level 3 in Axes
   201 | D:1      | Gained mutation: You occasionally shout uncontrollably at your foes. [potion of mutation]
   201 | D:1      | Gained mutation: You are agile. (Dex +2) [potion of mutation]
   201 | D:1      | Gained mutation: You are somewhat resistant to further mutation. [potion of mutation]
   217 | D:1      | Reached XP level 3. HP: 29/33 MP: 3/3
   733 | D:2      | Reached XP level 4. HP: 34/40 MP: 4/4
   797 | D:2      | Reached skill level 4 in Axes
   803 | D:2      | Found a hazy altar of Hepliaklqana.
  1243 | D:3      | Found a hide-covered altar of Uskayaw.
  1243 | D:3      | Found a stormy altar of Qazlal.
  1421 | D:3      | Found a bloodstained altar of Trog.
  1454 | D:3      | Reached XP level 5. HP: 46/46 MP: 5/5
  1727 | D:3      | Reached skill level 5 in Axes
  1784 | D:3      | Found a sacrificial altar of Ru.
  1865 | D:3      | Noticed Grinder
  1880 | D:3      | HP: 2/46 [Grinder (3)]
  1881 | D:3      | Killed from afar by Grinder

Vault maps used:
D:1:      kennysheep_arrival_forest
D:2:      minmay_door_path, lemuel_crystal_altar, minmay_unequal
D:3:      gammafunk_temple_overflow_elements, lightli_temple_of_fire,
          nicolae_ru_sacrificial_ziggurat, uniq_crazy_yiuf_cottage,
          uniq_grinder, uniq_jessica

Skill      XL: |  1  2  3  4  5 |
---------------+----------------+-----
Fighting       | 4 |  4.3
Axes           | 3 4 5 |  5.0
Shields        | 4 |  4.2
Armour         | |  3.9
Dodging        | |  0.8
Stealth        | |  0.1

Action                   |  1- 3 |  4- 6 || total
-------------------------+-------+-------++-------
Melee: War axe           |   106 |   146 ||   252
  Use: Potion            |     4 |     1 ||     5
       Scroll            |     3 |     2 ||     5
  Eat: Chunk             |       |     4 ||     4
Armor: Scale mail        |    56 |    45 ||   101
Dodge: Dodged            |    31 |    27 ||    58
Block: Shield            |    70 |    84 ||   154
